 Dungeon Crawl Stone Soup version 0.26.1-10-gdfb7c7de75 (webtiles) character file.

Game seed: 12194926438593884751

9547 tardwrangler69 the Cleaver (level 11, -7/99 HPs)
             Began as a Minotaur Fighter on Apr 1, 2021.
             Was a High Priest of Makhleb.
             Killed by divine providence
             ... invoked by a meliai
             ... summoned by a centaur warrior
              (9 damage)
             ... on level 14 of the Dungeon.
             The game lasted 00:13:08 (10494 turns).

tardwrangler69 the Cleaver (Minotaur Fighter)      Turns: 10494, Time: 00:13:08

Health: -7/99      AC: 18    Str: 29    XL:     11   Next: 24%
Magic:  10/10      EV: 11    Int:  5    God:    Makhleb [*****.]
Gold:   1074       SH: 12    Dex: 11    Spells: 10/10 levels left

rFire    . . .     SeeInvis .   a - +0 war axe
rCold    . . .     Faith    .   c - +0 kite shield
rNeg     . . .     Spirit   .   h - +0 plate armour
rPois    .         Reflect  .   (helmet restricted)
rElec    .         Harm     .   q - scarf {repulsion}
rCorr    .         Rampage  .   o - +1 pair of gloves
Will     .....                  r - +0 pair of boots
Stlth    ..........             p - amulet of the acrobat
HPRegen  0.26/turn              C - +6 ring of strength
MPRegen  0.12/turn              B - +4 ring of evasion

@: mighty, repel missiles
A: retaliatory headbutt, horns 2
a: Renounce Religion, Minor Destruction, Lesser Servant of Makhleb, Major
Destruction, Greater Servant of Makhleb


You were on level 14 of the Dungeon.
You worshipped Makhleb.
Makhleb was extremely pleased with you.
You visited 1 branch of the dungeon, and saw 12 of its levels.
You also visited: Bailey.

You collected 1074 gold pieces.

Inventory:

Hand Weapons
 a - a +0 war axe (weapon)
Missiles
 k - 9 javelins (quivered)
Armour
 c - a +0 kite shield (worn)
 h - a +0 plate armour (worn)
 o - a +1 pair of gloves (worn)
 q - a scarf of repulsion (worn)
 r - a +0 pair of boots (worn)
Jewellery
 n - a +6 ring of strength
 p - an amulet of the acrobat (around neck)
 x - an uncursed ring of flight
 A - an uncursed ring of protection from cold
 B - a +4 ring of evasion (right hand)
 C - a +6 ring of strength (left hand)
 J - an uncursed amulet of faith {unknown}
Scrolls
 f - 8 scrolls of identify
 m - a scroll of blinking
 v - 3 scrolls of immolation {unknown}
 y - a scroll of silence {unknown}
 z - 5 scrolls of teleportation
 E - 10 scrolls of remove curse
 H - a scroll of enchant armour
 I - a scroll of brand weapon {unknown}
 K - 3 scrolls of enchant weapon {unknown}
 L - a scroll of noise {unknown}
Potions
 b - a potion of attraction {unknown}
 d - 2 potions of might
 e - 4 potions of flight
 g - 3 potions of berserk rage
 i - a potion of ambrosia {unknown}
 j - 2 potions of heal wounds
 l - 4 potions of curing
 s - a potion of invisibility {unknown}
 t - a potion of mutation {unknown}
 u - a potion of haste {unknown}
 w - 5 potions of brilliance {unknown}
 D - 2 potions of cancellation {unknown}
 F - a potion of degeneration {unknown}
 G - a potion of lignification {unknown}
 M - a potion of magic {unknown}


   Skills:
 + Level 10.1 Fighting
 * Level 13.1 Axes
 + Level 10.1 Armour
 + Level 10.1 Shields


You had 10 spell levels left.
You didn't know any spells.
Your spell library contained the following spells:

 Spells                   Type           Power        Failure   Level
 Summon Small Mammal      Summ           0%           100%        1
 Call Imp                 Summ           0%           100%        2
 Call Canine Familiar     Summ           0%           100%        3
 Summon Guardian Golem    Hex/Summ       0%           100%        3
 Summon Ice Beast         Ice/Summ       0%           100%        4
 Summon Lightning Spire   Summ/Air       0%           100%        4


Dungeon Overview and Level Annotations

Branches:
Dungeon (11/15)            Temple (0/1) D:4            Lair (0/6) D:9
 Bailey (visited)
    Orc: D:9-12

Altars:
Cheibriados
Dithmenos
Elyvilon
Gozag
Hepliaklqana
Makhleb
Nemelex Xobeh
Qazlal
Uskayaw
Wu Jian
Xom
Yredelemnul
Zin

Shops:
D:10 }

Annotations:
D:5 2 runed translucent doors
D:8 1 runed translucent door, Shadow29844's ghost, novice MiBe
D:10 exclusion: downstairs


Innate Abilities, Weirdness & Mutations

You reflexively headbutt those who attack you in melee.
You have a pair of horns on your head.


Message History

* * * LOW HITPOINT WARNING * * *
You barely miss the wizard.
The wizard is moderately wounded.
You hit the meliai. You block the meliai's attack.
The meliai closely misses you. You block the wizard's attack.
You closely miss the wizard. Your headbutt misses the wizard.
The wizard is moderately wounded.
You closely miss the meliai.
The meliai mumbles some strange prayers to its god against you.
Something smites you!
* * * LOW HITPOINT WARNING * * *
The meliai calls down the wrath of its god upon you.
Something smites you!
* * * LOW HITPOINT WARNING * * *
You block the wizard's attack. The meliai zombie misses you.
You furiously retaliate!
You headbutt the meliai zombie! You block the meliai zombie's attack.
The meliai calls down the wrath of its god upon you.
Something smites you!
You die...

.##....#########..÷.......#
...(...
.......)...........#
.##.#..
###..##))..##.#####.# # #..
.........).##.# ...
###...#...)##.# ....
....y###...##.# ##c.
.....c#.##.##.#
#....#y.##.##.#
.....yZ@>..# .....W.p...#
^..#..........# #.
##......#### # #......#
.......# ##.....## ##...##


You could see a centaur warrior, a wizard, a phantom (summoned), 3 meliai and a
meliai zombie (summoned).

Vanquished Creatures
  Erolcha (D:10)
  A boulder beetle (D:11)
  2 orc knights (Bailey)
  A deep elf mage (D:14)
  Maggie (D:8)
  A gargoyle (D:14)
  A troll (D:10)
  A merfolk (shapeshifter) (D:14)
  Sigmund (D:3)
  A wyvern (D:9)
  2 water moccasins (D:5)
  2 soldier ants (D:5)
  3 ice beasts
  A black bear (D:10)
  13 orc warriors
  5 phantoms
  5 ogres
  2 centaurs
  A big kobold (D:11)
  4 bullfrogs
  A gnoll sergeant (D:10)
  A wyvern zombie (D:9)
  A scorpion (D:6)
  A water moccasin skeleton (D:10)
  5 killer bees (D:9)
  A hound (D:8)
  2 jellies
  13 orc wizards
  A gnoll shaman (D:6)
  4 iguanas
  10 orc priests
  2 bullfrog skeletons
  Terence (D:3)
  11 worker ants
  2 hound zombies
  Robin (D:2)
  11 gnolls
  A howler monkey skeleton (D:4)
  15 adders
  2 shadow imps
  9 white imps
  6 ufetubi
  2 oozes
  A worm (D:3)
  3 dart slugs
  2 leopard geckos
  77 orcs
  4 giant cockroaches
  19 goblins
  11 hobgoblins
  19 jackals
  7 quokkas
  5 bats
  8 frilled lizards
  8 kobolds
  2 quokka skeletons
  8 rats
326 creatures vanquished.

Vanquished Creatures (others)
  A fungus (D:11)
  2 plants (D:11)
3 creatures vanquished.

Grand Total: 329 creatures vanquished

Notes
Turn   | Place    | Note
-------+----------+-------------------------------------------
     0 | D:1      | tardwrangler69 the Minotaur Fighter began the quest for the
                  | Orb.
     0 | D:1      | Reached XP level 1. HP: 19/19 MP: 0/0
   119 | D:1      | Reached XP level 2. HP: 27/27 MP: 1/1
   189 | D:1      | Reached skill level 3 in Axes
   831 | D:2      | Found an opulent altar of Gozag.
   865 | D:2      | Reached XP level 3. HP: 27/33 MP: 2/2
  1162 | D:2      | Found a basalt altar of Yredelemnul.
  1223 | D:2      | Found a white marble altar of Elyvilon.
  1251 | D:2      | Found a burning altar of Makhleb.
  1423 | D:2      | Noticed Robin
  1443 | D:2      | Killed Robin
  1444 | D:2      | Reached XP level 4. HP: 33/40 MP: 3/3
  1610 | D:2      | Became a worshipper of Makhleb the Destroyer
  1687 | D:2      | Reached skill level 4 in Axes
  1954 | D:3      | Noticed Terence
  1957 | D:3      | Noticed Sigmund
  1969 | D:3      | Killed Terence
  1994 | D:3      | Killed Sigmund
  1995 | D:3      | Reached skill level 5 in Axes
  1995 | D:3      | Reached XP level 5. HP: 27/47 MP: 4/4
  1995 | D:3      | Reached XP level 6. HP: 31/55 MP: 5/5
  2230 | D:3      | Reached skill level 5 in Fighting
  2230 | D:3      | Reached skill level 5 in Armour
  2230 | D:3      | Reached skill level 5 in Shields
  2375 | D:3      | Found a stormy altar of Qazlal.
  2829 | D:3      | Reached * piety under Makhleb
  3110 | D:4      | Found a staircase to the Ecumenical Temple.
  3248 | D:4      | Found a snail-covered altar of Cheibriados.
  3520 | D:4      | Reached skill level 6 in Axes
  3526 | D:4      | Reached XP level 7. HP: 61/61 MP: 6/6
  3630 | D:4      | Found an ornate altar of the Wu Jian Council.
  3670 | D:5      | Entered Level 5 of the Dungeon
  3943 | D:5      | Found the +9 staff of Olgreb {rPois∞}
  3946 | D:5      | Found a runed translucent door.
  3956 | D:5      | Found a runed translucent gate.
  3956 | D:5      | Found a runed translucent gate.
  3957 | D:5      | Found a runed translucent door.
  3984 | D:5      | Found a runed translucent gate.
  4098 | D:5      | Reached ** piety under Makhleb
  4548 | D:5      | Reached skill level 7 in Axes
  4565 | D:5      | Reached XP level 8. HP: 29/70 MP: 7/7
  4585 | D:5      | Reached skill level 8 in Axes
  5158 | D:6      | Found a burning altar of Makhleb.
  5188 | D:6      | Reached skill level 9 in Axes
  5429 | D:6      | Reached *** piety under Makhleb
  5738 | D:6      | Reached XP level 9. HP: 79/79 MP: 8/8
  6035 | D:7      | Found a hide-covered altar of Uskayaw.
  6173 | D:7      | Found a hazy altar of Hepliaklqana.
  6173 | D:7      | Found a sparkling altar of Nemelex Xobeh.
  6174 | D:7      | Found a glowing silver altar of Zin.
  6232 | D:7      | Found a flagged portal.
  6248 | Bailey   | Entered a bailey
  6248 | Bailey   | Noticed an orc knight
  6249 | Bailey   | Noticed an orc knight
  6266 | Bailey   | Reached skill level 10 in Axes
  6692 | Bailey   | Killed an orc knight
  7000 | Bailey   | Killed an orc knight
  7001 | Bailey   | Reached skill level 11 in Axes
  7001 | Bailey   | Reached XP level 10. HP: 55/90 MP: 9/9
  7340 | D:7      | Reached **** piety under Makhleb
  7936 | D:8      | Noticed Maggie
  7948 | D:8      | Killed Maggie
  8062 | D:8      | Found a runed translucent door.
  8062 | D:8      | Found a shimmering altar of Xom.
  8062 | D:8      | Noticed Shadow29844's ghost (novice MiBe)
  8454 | D:8      | Noticed a +4 hand axe of chaos
  8608 | D:9      | Reached ***** piety under Makhleb
  8621 | D:9      | Found a shadowy altar of Dithmenos.
  8690 | D:9      | Found a staircase to the Lair.
  8790 | D:9      | Reached skill level 12 in Axes
  8899 | D:9      | Found a shimmering altar of Xom.
  9265 | D:10     | Entered Level 10 of the Dungeon
  9306 | D:10     | Found Lyhais's Gadget Shoppe.
  9377 | D:10     | Noticed Erolcha
  9402 | D:10     | Killed Erolcha
 10022 | D:11     | Noticed a boulder beetle
 10064 | D:11     | Reached XP level 11. HP: 70/99 MP: 10/10
 10071 | D:11     | Killed a boulder beetle
 10154 | D:11     | Noticed an eight-headed hydra
 10229 | D:11     | Reached skill level 10 in Shields
 10253 | D:11     | You fall into a shaft and drop 3 floors!
 10259 | D:14     | Noticed a deep elf mage
 10269 | D:14     | Noticed a shining eye
 10269 | D:14     | a cyclops changed into a shining eye
 10273 | D:14     | Reached skill level 10 in Fighting
 10275 | D:14     | Killed a deep elf mage
 10276 | D:14     | Reached skill level 13 in Axes
 10276 | D:14     | Reached skill level 10 in Armour
 10365 | D:14     | Noticed a centaur warrior
 10486 | D:14     | Noticed a wizard
 10494 | D:14     | HP: 2/99 [meliai/divine providence[a centaur warrior] (10)]
 10494 | D:14     | Killed from afar by a meliai

Illustrated notes

Levels and vault maps discovered:
D:1:      kennysheep_arrival_seaside, layout_loops_ring
D:2:      layout_loops_ring, kennysheep_ying_yang, lemuel_crystal_altar,
          bloody_makhleb, uniq_robin
D:3:      layout_loops_ring, lemuel_coloured_pillars_altar, minivault_19,
          uniq_terence, uniq_sigmund
D:4:      layout_loops_ring, kennysheep_little_box, general_overflow_altar,
          temple_pool_b
D:5:      layout_rooms, hangedman_decor_lopped, dk_noncrumbling_2,
          minmay_guarded_unrand_staff_of_olgreb
D:6:      layout_basic, lemuel_doored_altar
D:7:      minmay_spotlight, layout_basic, lemuel_round_altar,
          gammafunk_temple_overflow_claw, enter_bailey_5, lemuel_old_faithful
D:8:      layout_cave_pools, special_room [special_room_orc], ebering_ghost_xom,
          uniq_maggie
D:9:      layout_loops_ring, grunt_dithmenos_shadows,
          nicolae_overflow_hidden_temple, lair_entry_dummy
D:10:     layout_cave_pools, serial_shops, kennysheep_mini_moat, uniq_erolcha
D:11:     layout_loops_ring, erik_orc_2, ebering_ghost_funeral_grove
D:14:     layout_loops_ring

Skill      XL: |  1  2  3  4  5  6  7  8  9 10 11 |
---------------+----------------------------------+-----
Axes           | 3 5 6 7 9 11 12 13 | 13.1
Fighting       | 4 5 6 7 8 9 10 | 10.1
Armour         | 4 5 6 7 8 9 10 | 10.1
Shields        | 4 5 6 7 8 9 10 | 10.1

Action                   |  1- 3 |  4- 6 |  7- 9 | 10-12 || total
-------------------------+-------+-------+-------+-------++-------
Melee: War axe           |   107 |   159 |   278 |   313 ||   857
       Headbutt          |    11 |    22 |    57 |    73 ||   163
Throw: Javelin           |       |       |     1 |       ||     1
Evoke: Wand              |       |       |    54 |       ||    54
  Use: Scroll            |       |     4 |     4 |       ||     8
       Potion            |       |     1 |     6 |     1 ||     8
Armor: Scale mail        |     5 |       |       |       ||     5
       Plate armour      |    79 |    80 |   118 |   100 ||   377
Dodge: Dodged            |    27 |    33 |    91 |   133 ||   284
       Repelled          |       |     1 |     1 |     2 ||     4
Block: Kite shield       |    64 |    70 |   172 |   203 ||   509
